 Dungeon Crawl Stone Soup version 0.23-a0-636-g0ff6057 (webtiles) character file.

452 Popweasel the Chopper (level 6, -1/44 HPs)
             Began as a Mummy Gladiator on Dec 28, 2018.
             Blown up by Ijyb (19 damage)
             ... with a wand of disintegration (16)
             ... on level 4 of the Dungeon.
             The game lasted 00:04:55 (4124 turns).

Popweasel the Chopper (Mummy Gladiator)             Turns: 4124, Time: 00:04:56

Health: -1/44      AC: 10    Str: 18    XL:     6   Next: 75%
Magic:  6/6        EV:  8    Int:  9    God:
Gold:   176        SH:  0    Dex: 10    Spells: 4/5 levels left

rFire    x . .     SeeInvis .   a - +0 war axe
rCold    + . .     Gourm    .   (no shield)
rNeg     + + +     Faith    .   l - +0 chain mail
rPois    ∞         Spirit   .   c - +0 helmet
rElec    .         Reflect  .   (no cloak)
rCorr    .         Harm     .   f - +0 pair of gloves
MR       .....                  (no boots)
Stlth    ..........             (no amulet)
HPRegen  0.14/turn              j - -3 ring of dexterity (curse)
MPRegen  0.10/turn              (no ring)

@: no status effects
A: no food or potions, fire vulnerability, cold resistance 1, negative energy
resistance 3, torment resistance, unbreathing
a: no special abilities


You were on level 4 of the Dungeon.
You were not hungry.

You visited 1 branch of the dungeon, and saw 4 of its levels.

You collected 176 gold pieces.

Inventory:

Hand Weapons
 a - a +0 war axe (weapon)
Missiles
 d - 3 throwing nets (quivered)
 r - 2 tomahawks
Armour
 c - a +0 helmet (worn)
 f - a +0 pair of gloves (worn)
 l - a +0 chain mail (worn)
Jewellery
 j - a cursed -3 ring of dexterity (left hand)
Wands
 i - a wand of random effects (16)
 s - a wand of flame (24)
Scrolls
 b - a scroll of noise {unknown}
 e - 4 scrolls of remove curse {unknown}
 g - a scroll of enchant armour {unknown}
 h - 7 scrolls of identify {unknown}
 k - a scroll of enchant weapon {unknown}
 m - 3 scrolls of magic mapping {unknown}
 n - a scroll of random uselessness {unknown}
 o - a scroll of teleportation {unknown}
 p - a scroll of immolation {unknown}
 q - a scroll of fear {unknown}


   Skills:
 - Level 2.0 Fighting
 + Level 5.9 Axes
 - Level 1.5 Throwing
 + Level 2.1 Armour
 - Level 2.4 Dodging


You had 4 spell levels left.
You knew the following spells:

 Your Spells              Type           Power        Failure   Level  Hunger
a - Confusing Touch       Hex            #.....       99%         1    N/A

Your spell library contained the following spells:

 Spells                   Type           Power        Failure   Level  Hunger
 Confuse                  Hex            #.......     100%        3    N/A
 Gell's Gravitas          Tloc           #.........   100%        3    N/A
 Petrify                  Tmut/Erth      #.......     100%        4    N/A
 Metabolic Englaciation   Hex/Ice        #.........   100%        5    N/A
 Yara's Violent Unravell  Hex/Tmut       #.........   100%        5    N/A

Dungeon Overview and Level Annotations

Branches:
Dungeon (4/15)
 Temple: D:4-7

Altars:

Annotations:
D:4 Ijyb


Innate Abilities, Weirdness & Mutations

You do not eat or drink.
Your flesh is vulnerable to fire.
You are immune to poison.
Your flesh is cold resistant. (rC+)
You are immune to negative energy. (rN+++)
You are immune to unholy pain and torment.
You can survive without breathing.


Message History

There is a stone staircase leading down here.
You climb downwards.
Level annotation: Ijyb Ijyb zaps a wand.
You struggle to resist.
There is a stone staircase leading up here.
Ijyb zaps a wand.
You are blasted!
You barely miss Ijyb. Ijyb hits you but does no damage.
You closely miss Ijyb. Ijyb hits you but does no damage.
Your chain mail prevents you from hitting Ijyb.
Ijyb hits you but does no damage.
Ijyb zaps a wand.
You are blasted!
You hit Ijyb but do no damage.
Ijyb zaps a wand.
You struggle to resist.
You hit Ijyb but do no damage. Ijyb barely misses you.
You closely miss Ijyb.
Ijyb screams, "You nasty!
Big nasty!"
Ijyb hits you but does no damage.
You closely miss Ijyb. Ijyb hits you.
You hit Ijyb.
Ijyb is lightly wounded.
Ijyb hits you but does no damage.
Ijyb zaps a wand.
You are blasted!
You die...

#........###.########
#........'...#.......
#........#####.######
###............# #
#.#################
#######.########..(......
.........................
.######.#######..........
>.......@g....'..........
.######<#######.......#.#
### #.(.....#.#
#.......#.# #.......#.#
##'####.#.#
.............#.
.............#
.............#


You could see Ijyb.

Vanquished Creatures
  An ogre (D:4)
  A bullfrog (D:4)
  A scorpion (D:3)
  A bullfrog skeleton (D:4)
  Natasha (thrice) (D:2)
  A worker ant (D:4)
  A gnoll (D:1)
  4 adders
  A dart slug (D:2)
  A leopard gecko (D:4)
  3 orcs
  A ball python (D:2)
  2 giant cockroaches
  6 goblins
  6 hobgoblins
  11 jackals
  11 kobolds
  2 quokkas (D:2)
  5 bats
  5 frilled lizards
  9 rats
76 creatures vanquished.

Notes
Turn   | Place    | Note
-------+----------+-------------------------------------------
     0 | D:1      | Popweasel the Mummy Gladiator began the quest for the Orb.
     0 | D:1      | Reached XP level 1. HP: 16/16 MP: 1/1
   268 | D:1      | Reached skill level 3 in Axes
   268 | D:1      | Reached XP level 2. HP: 18/22 MP: 2/2
   680 | D:1      | Reached XP level 3. HP: 27/27 MP: 3/3
  1226 | D:2      | Reached skill level 4 in Axes
  1254 | D:2      | Noticed Natasha
  1263 | D:2      | Killed Natasha
  1263 | D:2      | Reached XP level 4. HP: 23/33 MP: 4/4
  1395 | D:2      | Noticed Natasha
  1406 | D:2      | Killed Natasha
  1649 | D:2      | Noticed Natasha
  1659 | D:2      | Killed Natasha
  1659 | D:2      | Reached XP level 5. HP: 27/38 MP: 5/5
  2048 | D:3      | Learned a level 1 spell: Confusing Touch
  2143 | D:3      | Reached skill level 5 in Axes
  3469 | D:4      | Noticed an ogre
  3482 | D:4      | Killed an ogre
  3482 | D:4      | Reached skill level 1 in Armour
  3482 | D:4      | Reached XP level 6. HP: 18/44 MP: 6/6
  3993 | D:4      | Noticed Ijyb
  4124 | D:4      | Blown up by Ijyb

Vault maps used:
D:1:      dpeg_arrival_another_circle, dk_noncrumbling_4, minmay_close_crescents
D:2:      uniq_natasha
D:3:      first_ration, minmay_misc_feat_diagonals
D:4:      uniq_ijyb

Skill      XL: |  1  2  3  4  5  6 |
---------------+-------------------+-----
Axes           | 3 4 5 |  5.9
Armour         | 1 2 |  2.1
Fighting       | |  2.0
Throwing       | |  1.5
Dodging        | |  2.4

Action                   |  1- 3 |  4- 6 || total
-------------------------+-------+-------++-------
Melee: War axe           |    97 |   223 ||   320
Armor: Leather armour    |    41 |    10 ||    51
       Chain mail        |       |   127 ||   127
Dodge: Dodged            |    69 |   104 ||   173

Table legend:
 A = Non-vault XP
 B = Vault XP
 C = Vault XP percentage of total XP
 D = Non-vault monster count
 E = Vault monster count
 F = Vault count percentage of total count
                 A         B        C        D         E       F
            +---------+---------+-------+---------+---------+-------
      Total |     601 |      45 |   7.0 |      70 |       6 |   7.9
            +---------+---------+-------+---------+---------+-------
        D:1 |      39 |       9 |  18.8 |      17 |       5 |  22.7
        D:2 |     138 |      36 |  20.7 |      25 |       1 |   3.8
        D:3 |     120 |       0 |   0.0 |      16 |       0 |   0.0
        D:4 |     304 |       0 |   0.0 |      12 |       0 |   0.0
            +---------+---------+-------+---------+---------+-------
